 Dungeon Crawl Stone Soup version 0.29-a0-360-g8ed1089bbe (webtiles) character file.

Game seed: 8930647872066554015

2475 YayAnonymity the Ruffian (level 9, -17/84 HPs)
             Began as a Troll Berserker on Apr 29, 2022.
             Was an Elder of Trog.
             Killed from afar by Erica (20 damage)
             ... with a bolt of poison
             ... on level 7 of the Dungeon.
             The game lasted 00:13:49 (6889 turns).

YayAnonymity the Ruffian (Troll Berserker)          Turns: 6889, Time: 00:13:49

Health: -17/84     AC:  6    Str: 29    XL:     9   Next: 27%
Magic:  8/8        EV: 10    Int:  5    God:    Trog [****..]
Gold:   351        SH:  0    Dex:  9    Spells: 8/8 levels left

rFire   . . .      SeeInvis +     - Unarmed
rCold   . . .      Faith    .   (no shield)
rNeg    . . .      Spirit   .   b - +0 animal skin
rPois   .          Reflect  .   (helmet restricted)
rElec   .          Harm     .   o - +1 cloak
rCorr   .          Rampage  .   (gloves unavailable)
Will    +++..                   (boots unavailable)
Stlth   +.........              r - amulet of magic regeneration
HPRegen 2.04/turn               w - ring of see invisible
MPRegen 0.51/turn               v - ring of willpower

@: lethally poisoned (-17 -> -21), strong-willed, on berserk cooldown,
regenerating, hasted and slowed
A: large, unfitting armour, claws 3, regeneration 1, shaggy fur 1, tough skin 1
a: Renounce Religion, Berserk, Trog's Hand, Brothers in Arms


You were on level 7 of the Dungeon.
You worshipped Trog.
Trog was greatly pleased with you.
You visited 2 branches of the dungeon, and saw 9 of its levels.

You collected 351 gold pieces.

Inventory:

Hand Weapons
 a - a +0 giant spiked club
 d - the +7 Singing Sword {vorpal, sonic wave}
   (You found it on level 7 of the Dungeon)

   It inflicts extra damage upon your enemies.
   It radiates damaging sonic waves as it strikes, especially in combat
   involving dangerous or numerous foes.
 p - a +8 club
Missiles
 f - a throwing net (quivered)
 z - 14 poisoned darts
Armour
 b - a +0 animal skin (worn)
 o - a +1 cloak (worn)
Jewellery
 j - a ring of protection from fire
 r - an amulet of magic regeneration (around neck)
 v - a ring of willpower (right claw)
 w - a ring of see invisible (left claw)
 C - a +4 ring of evasion
 E - a +4 ring of protection
Wands
 g - a wand of digging (6)
 h - a wand of iceblast (10)
Scrolls
 e - 4 scrolls of teleportation
 l - a scroll of fear
 y - 2 scrolls of fog
 A - a scroll of enchant armour
Potions
 c - 3 potions of flight
 i - 3 potions of lignification
 k - a potion of mutation
 m - a potion of heal wounds {unknown}
 n - a potion of attraction {unknown}
 q - a potion of ambrosia {unknown}
 t - a potion of haste
 x - 2 potions of cancellation {unknown}
 B - 2 potions of resistance {unknown}


   Skills:
 + Level 4.3 Fighting
 + Level 5.6 Maces & Flails
 - Level 4.0 Armour
 - Level 5.0 Dodging
 * Level 7.5 Unarmed Combat


You had 8 spell levels left.
You didn't know any spells.
Your spell library was empty.

Dungeon Overview and Level Annotations

Branches:
Dungeon (8/15)             Temple (1/1) D:7
   Lair: D:8-11

Altars:
Cheibriados
Dithmenos
Elyvilon
Gozag
Kikubaaqudgha
Makhleb
Nemelex Xobeh
Okawaru
Qazlal
Sif Muna
Trog
Vehumet
Wu Jian
Xom
Yredelemnul
Zin
The Shining One

Annotations:
D:5 3 runed translucent doors, Taurus's ghost, novice DECj; a11behringer's ghost, novice FoFi
D:7 Erica


Innate Abilities, Weirdness & Mutations

You are too large for most types of armour.
You have claws for hands.
Your natural rate of healing is unusually fast.
You are covered in fur. (AC +1)
You have tough skin. (AC +1)


Message History

Erica hits you with a +4 scimitar of flaming.
Erica burns you.
You barely miss Erica.
Erica is heavily wounded.
The sky beast hits you but does no damage.
Erica hits you with a +4 scimitar of flaming!
* * * LOW HITPOINT WARNING * * *
Erica burns you.
* * * LOW HITPOINT WARNING * * *
You're still recovering from your berserk rage.
Your skin crawls.
You feel strong-willed.
The sky beast hits you but does no damage.
Erica hits you with a +4 scimitar of flaming!
* * * LOW HITPOINT WARNING * * *
Erica burns you.
* * * LOW HITPOINT WARNING * * *
The sky beast barely misses you.
Erica says, "Fast and perfect.
Such is my way of killing."
Erica hits you with a +4 scimitar of flaming.
* * * LOW HITPOINT WARNING * * *
Erica burns you.
* * * LOW HITPOINT WARNING * * *
You scratch Erica.
Erica is heavily wounded.
The sky beast hits you but does no damage.
Erica hits you with a +4 scimitar of flaming.
* * * LOW HITPOINT WARNING * * *
Erica burns you.
* * * LOW HITPOINT WARNING * * *
It was a potion of haste.
You feel yourself speed up.
The sky beast hits you but does no damage.
Erica closely misses you. The sky beast hits you.
* * * LOW HITPOINT WARNING * * *
The sky beast shocks you.
* * * LOW HITPOINT WARNING * * *
Erica gestures at you while chanting. The bolt of poison hits you!!
You are lethally poisoned!
You die...

.............########.....# #...
.............## ####..# #...
..............## ##..# #...
...............# ##...## #...
...............## ###.....###...
................####........###..
.......................###....#..
...............).......# ##......
................@.....## ###....
#...............Y@....# ##...
##..............>.....# ##..
.##..............#...## ##...
###..............##...### ##....
###.............#..._...# ##.....
.⌠'.............#......)###......
..#...>.......#........(........)
.⌠#.........(##.....8.....)...)..


You could see Erica (invisible) and a sky beast.

Vanquished Creatures
  Menkaure (D:4)
  A black bear (D:7)
  3 ice beasts
  An ogre (D:5)
  A kobold brigand (D:7)
  2 bullfrogs
  2 scorpions
  A water moccasin zombie (D:7)
  3 wights (D:7)
  6 killer bees (D:7)
  4 howler monkeys
  2 centaur zombies (D:7)
  3 bullfrog zombies (D:7)
  5 hounds
  Crazy Yiuf (D:2)
  2 orc priests (D:7)
  A jelly (D:4)
  Ijyb (D:5)
  2 iguanas (D:6)
  Natasha (thrice) (D:4)
  3 orc wizards
  A killer bee zombie (D:7)
  Robin (D:2)
  2 gnolls (D:7)
  12 adders
  2 shadow imps
  A white imp (D:5)
  2 worms
  5 dart slugs
  16 orcs
  11 ball pythons
  7 endoplasms
  16 goblins
  7 hobgoblins
  6 jackals
  7 kobolds
  4 quokkas
  6 bats
  4 frilled lizards
  6 rats
164 creatures vanquished.

Vanquished Creatures (others)
  14 fungi (D:7)
14 creatures vanquished.

Grand Total: 178 creatures vanquished

Notes
Turn   | Place    | Note
-------+----------+-------------------------------------------
     0 | D:1      | YayAnonymity the Troll Berserker began the quest for the
                  | Orb.
     0 | D:1      | Reached XP level 1. HP: 22/22 MP: 0/0
   122 | D:1      | Reached XP level 2. HP: 28/29 MP: 1/1
   158 | D:1      | Reached skill level 1 in Unarmed Combat
   924 | D:2      | Found a runed translucent door.
   925 | D:2      | Noticed Crazy Yiuf
   954 | D:2      | Reached XP level 3. HP: 36/36 MP: 2/2
   997 | D:2      | Found a faded altar of an unknown god.
  1041 | D:2      | Reached ** piety under Trog
  1257 | D:2      | Reached XP level 4. HP: 42/44 MP: 3/3
  1380 | D:2      | Noticed Robin
  1387 | D:2      | Reached skill level 2 in Unarmed Combat
  1406 | D:2      | Killed Robin
  1407 | D:2      | Reached skill level 1 in Armour
  1581 | D:2      | Killed Crazy Yiuf
  1662 | D:3      | Reached XP level 5. HP: 52/52 MP: 4/4
  1804 | D:3      | Found a glowing silver altar of Zin.
  2253 | D:4      | Reached *** piety under Trog
  2268 | D:4      | Noticed Natasha
  2275 | D:4      | Killed Natasha
  2276 | D:4      | Reached skill level 3 in Unarmed Combat
  2374 | D:4      | Reached XP level 6. HP: 18/61 MP: 5/5
  2614 | D:4      | Identified the +1 leather armour of Juetiasos {+Blink
                  | rElec}
  2614 | D:4      | Noticed Menkaure
  2631 | D:4      | Killed Menkaure
  2632 | D:4      | Reached skill level 4 in Unarmed Combat
  2782 | D:4      | Noticed Natasha
  2788 | D:4      | Killed Natasha
  2789 | D:4      | Reached XP level 7. HP: 58/67 MP: 6/6
  3266 | D:4      | Noticed Natasha
  3272 | D:4      | Killed Natasha
  3789 | D:5      | Entered Level 5 of the Dungeon
  4101 | D:5      | Noticed Ijyb
  4111 | D:5      | Killed Ijyb
  4214 | D:5      | Found a runed translucent gate.
  4215 | D:5      | Found a runed translucent gate.
  4216 | D:5      | Found a runed translucent gate.
  4304 | D:5      | Noticed Taurus's ghost (novice DECj)
  4304 | D:5      | Noticed a11behringer's ghost (novice FoFi)
  4363 | D:5      | Reached skill level 5 in Unarmed Combat
  4664 | D:6      | Reached XP level 8. HP: 54/78 MP: 7/7
  5148 | D:6      | Found a bloodstained altar of Trog.
  5547 | D:7      | Found an ancient bone altar of Kikubaaqudgha.
  5710 | D:7      | Reached skill level 6 in Unarmed Combat
  5737 | D:7      | HP: 1/78 [killer bee (5)]
  5743 | D:7      | Reached skill level 5 in Maces & Flails
  5853 | D:7      | Found a basalt altar of Yredelemnul.
  5948 | D:7      | Found the +7 Singing Sword {vorpal, sonic wave}
  6012 | D:7      | Reached XP level 9. HP: 84/84 MP: 8/8
  6014 | D:7      | Reached **** piety under Trog
  6015 | D:7      | Reached skill level 7 in Unarmed Combat
  6060 | D:7      | Found a snail-covered altar of Cheibriados.
  6073 | D:7      | Found an opulent altar of Gozag.
  6108 | D:7      | Found a staircase to the Ecumenical Temple.
  6130 | Temple   | Entered the Ecumenical Temple
  6478 | D:7      | Found an ornate altar of the Wu Jian Council.
  6478 | D:7      | Found a radiant altar of Vehumet.
  6509 | D:7      | Reached skill level 5 in Dodging
  6867 | D:8      | Noticed Erica
  6889 | D:7      | HP: 3/84 [sky beast (5)]
  6889 | D:7      | Killed from afar by Erica

Illustrated notes

Levels and vault maps discovered:
D:1:      minmay_arrival_solitary_statue, layout_basic
D:2:      layout_rooms, basic_ecumenical_altar, uniq_robin,
          uniq_crazy_yiuf_cottage
D:3:      layout_rooms, mainiacjoe_overflow_catwalk, minmay_between
D:4:      layout_loops_ring, uniq_menkaure, uniq_natasha
D:5:      layout_layer_cave, gammafunk_ghost_cemetery, serial_glass,
          glass_columns_b, glass_columns_a, uniq_ijyb
D:6:      layout_basic, mainiacjoe_overflow_six_doors_small
D:7:      layout_layer_cave, grunt_temple_overflow_open,
          nicolae_yredelemnul_corpse_copse, mainiacjoe_overflow_chevrons,
          jmf_multi_god_temple, minmay_temple_entry_proselytizer
D:8:      layout_rooms, minmay_hedge_maze, kennysheep_another_room,
          minmay_holes, uniq_grum, uniq_erica, uniq_pikel
Temple:   compressed_dpeg_triangle_lava_temple

Skill      XL: |  1  2  3  4  5  6  7  8  9 |
---------------+----------------------------+-----
Unarmed Combat | 1 2 3 4 5 6 7 |  7.5
Maces & Flails | 3 4 5 |  5.6
Armour         | 1 2 3 4 |  4.0
Fighting       | 3 4 |  4.3
Dodging        | 3 4 5 |  5.0

Action                   |  1- 3 |  4- 6 |  7- 9 || total
-------------------------+-------+-------+-------++-------
Melee: Unarmed           |    95 |   149 |   299 ||   543
       Mace              |     4 |       |       ||     4
       Punch             |       |     6 |    10 ||    16
Throw: Throwing net      |       |       |     2 ||     2
Invok: Berserk           |       |       |     5 ||     5
       Trog's Hand       |       |       |     2 ||     2
  Use: Scroll            |       |       |    14 ||    14
       Potion            |       |       |     2 ||     2
 Stab: Sleeping          |     1 |     1 |       ||     2
Armor: Animal skin       |    41 |    44 |   154 ||   239
Dodge: Dodged            |    49 |    80 |   170 ||   299

Table legend: (Time is in decaauts)
 A = Elapsed time spent in this place.
 B = Non-inter-level travel time spent in this place.
 C = Inter-level travel time spent in this place.
 D = Time resting spent in this place.
 E = Time spent auto-exploring this place.
 F = Levels seen in this place.
 G = Mean time per level.
                   A        B        C        D        E       F      G
               +--------+--------+--------+--------+--------+-----+--------+
         Total |   6861 |   6464 |    397 |    125 |   5130 |   9 |  762.3 |
       Dungeon |   6680 |   6301 |    379 |    125 |   4975 |   8 |  835.0 |
        Temple |    180 |    162 |     18 |      0 |    155 |   1 |  180.0 |
               +--------+--------+--------+--------+--------+-----+--------+

Top non-repeatable levels by time:
     D:4: 1634 daAuts
     D:7: 1265 daAuts
     D:5: 944 daAuts
     D:1: 903 daAuts
     D:2: 727 daAuts
     D:6: 704 daAuts
     D:3: 493 daAuts
  Temple: 180 daAuts
     D:8: 7 daAuts
